 Dungeon Crawl Stone Soup version 0.28-a0-1117-g0bdd5ba030 (webtiles) character file.

Game seed: 17076263070410897466

373 RepHenryClay the Destroyer (level 6, -1/32 HPs)
             Began as a Deep Elf Conjurer on Dec 11, 2021.
             Slain by an iguana (8 damage)
             ... on level 5 of the Dungeon.
             The game lasted 00:06:29 (3360 turns).

RepHenryClay the Destroyer (Deep Elf Conjurer)      Turns: 3360, Time: 00:06:30

Health: -1/32      AC:  3    Str:  4    XL:     6   Next: 43%
Magic:  5/13       EV: 12    Int: 25    God:
Gold:   262        SH:  5    Dex: 13    Spells: 4/11 levels left

rFire   + . .      SeeInvis .   r - staff of earth
rCold   + . .      Faith    .   (no shield)
rNeg    + . .      Spirit   .   l - +0 robe {rC+ rF+}
rPois   .          Reflect  +   (no helmet)
rElec   .          Harm     .   u - +0 cloak
rCorr   .          Rampage  .   (no gloves)
Will    .....                   (no boots)
Stlth   ++........              m - amulet of reflection
HPRegen 0.10/turn               j - ring of positive energy
MPRegen 0.13/turn               (no ring)

@: no status effects
A: no striking features
a: no special abilities


You were on level 5 of the Dungeon.
You visited 2 branches of the dungeon, and saw 6 of its levels.

You collected 262 gold pieces.

Inventory:

Missiles
 p - 8 poisoned darts (quivered)
Armour
 l - a +0 robe of resistance (worn)
 u - a +0 cloak (worn)
Magical Staves
 r - a staff of earth (weapon)
Jewellery
 j - a ring of positive energy (left hand)
 m - an amulet of reflection (around neck)
 q - a ring of fire
Wands
 a - a wand of digging (2)
Scrolls
 f - a scroll of identify {@r1}
 i - a scroll of blinking
Potions
 b - 2 potions of mutation
 c - a potion of degeneration
 d - a potion of attraction {unknown}
 e - a potion of berserk rage {unknown}
 g - a potion of curing {unknown}
 h - a potion of haste {unknown}
 k - a potion of brilliance {unknown}
 s - a potion of heal wounds {unknown}


   Skills:
 - Level 2.8 Dodging
 - Level 2.9 Stealth
 - Level 3.3 Spellcasting
 + Level 8.2 Conjurations


You had 4 spell levels left.
You knew the following spells:

 Your Spells              Type           Power      Damage    Failure   Level
a - Magic Dart            Conj           100%       1d8       1%          1
b - Searing Ray           Conj           90%        2d7       1%          2
c - Iskenderun's Mystic   Conj/Tloc      24%        2d7       19%         4

Your spell library contained the following spells:

 Spells                   Type           Power      Damage    Failure   Level
 Dazzling Flash           Conj/Hex       48%        N/A       5%          3
 Fulminant Prism          Conj/Hex       12%        3d9       19%         4


Dungeon Overview and Level Annotations

Branches:
Dungeon (5/15)             Temple (1/1) D:4

Altars:
Ashenzari
Dithmenos
Elyvilon
Fedhas
Gozag
Hepliaklqana
Kikubaaqudgha
Makhleb
Nemelex Xobeh
Qazlal
Ru
Sif Muna
Uskayaw
Xom
Yredelemnul
Zin
The Shining One

Shops:
D:2 *

Annotations:
D:4 Pikel


Message History

Press: ? - help, Shift-Dir - straight line, f - centaur
Aim: a centaur, wielding a +0 shortbow and quivering arrows (89% to hit)
The searing ray hits the centaur!
The centaur is moderately wounded. (Press . to maintain the ray.)
The centaur shoots an arrow.
The arrow hits you.
An orc comes into view. It is wielding a +1 vampiric hand axe.
Damage: -15%(-5hp) hp: 85%(27hp)
The searing ray hits the centaur but does no damage.
The centaur is moderately wounded.
The centaur shoots an arrow.
The arrow hits you.
The centaur shoots an arrow.
You reflect the arrow off an invisible shield around you!
The arrow hits the centaur!
An orc comes into view. It is wielding a +0 whip.
The orc shouts!
Huge Dmg: -19%(-6hp) hp: 66%(21hp)
The searing ray hits the iguana.
The iguana is moderately wounded.
The searing ray hits the centaur.
The centaur is severely wounded.
The searing ray misses the iguana.
The searing ray hits the orc!
You kill the orc!
You finish channelling your searing ray.
Casting: Searing Ray (safe; 1% risk of failure)
Confirm with . or Enter, or press ? or * to list all spells.
Aiming: Searing Ray (safe; 1% risk of failure)
Press: ? - help, Shift-Dir - straight line, f/p - centaur
Aim: a centaur, wielding a +0 shortbow and quivering arrows (severely wounded, 89% to hit)
The searing ray misses the iguana.
The searing ray misses the centaur. (Press . to maintain the ray.)
The iguana bites you!
* * * LOW HITPOINT WARNING * * *
Huge Dmg: -44%(-14hp) hp: 22%(7hp)
The searing ray hits the iguana.
The iguana is severely wounded.
The searing ray hits the centaur!
You kill the centaur!
An ice beast comes into view.
The iguana bites you!
You die...

#..##.... #........
#.........
##$..[..#..
#.......o.Y
###.....o...
##.....).....
#......l#
##.....@.#.#
#......###.# #
##.....# .##..
##....###....
#.?...#...
#..#..#.### .......
##.#.....<##
#........
#####....#.##........
###........#........


You could see an ice beast (wandering), an iguana and 2 orcs.

Vanquished Creatures
  A centaur (D:5)
  A bullfrog (D:5)
  2 scorpions (D:5)
  A bullfrog zombie (D:5)
  Crazy Yiuf (D:3)
  An orc wizard (D:5)
  3 adders
  2 dart slugs
  6 orcs
  7 ball pythons
  9 endoplasms
  A giant cockroach (D:1)
  2 goblins
  4 hobgoblins
  3 quokkas
  3 bats
  4 frilled lizards
  9 kobolds
  8 rats
  A spectral kobold (D:3)
69 creatures vanquished.

Vanquished Creatures (others)
  A human (D:4)
1 creature vanquished.

Grand Total: 70 creatures vanquished

Notes
Turn   | Place    | Note
-------+----------+-------------------------------------------
     0 | D:1      | RepHenryClay the Deep Elf Conjurer began the quest for the
                  | Orb.
     0 | D:1      | Reached XP level 1. HP: 10/10 MP: 6/6
   154 | D:1      | Reached XP level 2. HP: 11/15 MP: 1/8
   649 | D:1      | Found a faded altar of an unknown god.
   676 | D:1      | You fall into a shaft and drop 1 floor!
   811 | D:2      | Found Plog's Assorted Antiques.
   899 | D:2      | Learned a level 2 spell: Searing Ray
  1250 | D:2      | Reached XP level 3. HP: 19/19 MP: 7/9
  1282 | D:3      | Reached skill level 5 in Conjurations
  1864 | D:3      | Found a hazy altar of Hepliaklqana.
  1991 | D:3      | Reached XP level 4. HP: 24/24 MP: 7/11
  2051 | D:3      | Found a runed translucent door.
  2052 | D:3      | Noticed Crazy Yiuf
  2059 | D:3      | Killed Crazy Yiuf
  2060 | D:3      | Reached skill level 6 in Conjurations
  2642 | D:4      | Found an ancient bone altar of Kikubaaqudgha.
  2645 | D:4      | Noticed a human
  2646 | D:4      | Killed a human
  2667 | D:4      | Noticed a lemure
  2668 | D:4      | Noticed a lemure
  2668 | D:4      | Noticed Pikel
  2680 | D:4      | Noticed a lemure
  2986 | D:4      | Noticed a lemure
  3004 | D:4      | Found a staircase to the Ecumenical Temple.
  3008 | Temple   | Entered the Ecumenical Temple
  3029 | D:5      | Entered Level 5 of the Dungeon
  3029 | D:5      | Noticed a bullfrog
  3033 | D:5      | Noticed a scorpion
  3034 | D:5      | Killed a bullfrog
  3035 | D:5      | Reached skill level 7 in Conjurations
  3035 | D:5      | Reached XP level 5. HP: 28/28 MP: 5/12
  3056 | D:5      | Reached XP level 6. HP: 19/32 MP: 3/13
  3062 | D:5      | Reached skill level 8 in Conjurations
  3188 | D:5      | Learned a level 4 spell: Iskenderun's Mystic Blast
  3360 | D:5      | Noticed an ice beast
  3360 | D:5      | Slain by an iguana

Illustrated notes

Levels and vault maps discovered:
D:1:      dpeg_arrival_rooms_a, layout_basic,
          hellmonk_ecumenical_altar_pennies_from_heaven, minmay_pentomino_o2
D:2:      layout_rooms, serial_shops, nicolae_shop_trees
D:3:      layout_rooms, nicolae_hepliaklqana_monster_ancestors,
          minmay_shallow_snake_nest, uniq_crazy_yiuf_cottage
D:4:      layout_rooms, tgw_kikubaaqudgha, minmay_temple_entry_trees, uniq_pikel
D:5:      layout_cave_pools
Temple:   minmay_freezing_vapour_temple

Skill      XL: |  1  2  3  4  5  6 |
---------------+-------------------+-----
Conjurations   | 5 7 8 |  8.2
Dodging        | |  2.8
Stealth        | |  2.9
Spellcasting   | |  3.3

Action                   |  1- 3 |  4- 6 || total
-------------------------+-------+-------++-------
Melee: Unarmed           |     2 |       ||     2
Throw: Dart              |       |    12 ||    12
 Cast: Magic Dart        |    75 |    30 ||   105
       Searing Ray       |     3 |     9 ||    12
  Use: Scroll            |       |     7 ||     7
       Potion            |       |     1 ||     1
Armor: Robe              |     1 |     7 ||     8
Dodge: Dodged            |     3 |    17 ||    20
Block: Other             |       |     1 ||     1
       Reflection        |       |     1 ||     1

Table legend: (Time is in decaauts)
 A = Elapsed time spent in this place.
 B = Non-inter-level travel time spent in this place.
 C = Inter-level travel time spent in this place.
 D = Time resting spent in this place.
 E = Time spent auto-exploring this place.
 F = Levels seen in this place.
 G = Mean time per level.
                   A        B        C        D        E       F      G
               +--------+--------+--------+--------+--------+-----+--------+
         Total |   3367 |   3221 |    146 |    754 |   1968 |   6 |  561.2 |
       Dungeon |   3365 |   3219 |    146 |    754 |   1968 |   5 |  673.0 |
        Temple |      1 |      1 |      0 |      0 |      0 |   1 |    1.0 |
               +--------+--------+--------+--------+--------+-----+--------+

Top non-repeatable levels by time:
     D:3: 1164 daAuts
     D:2: 880 daAuts
     D:1: 798 daAuts
     D:5: 330 daAuts
     D:4: 191 daAuts
  Temple: 1 daAuts
